 Dungeon Crawl Stone Soup version 0.30.1-11-g7821555f0a (webtiles) character file.

Game seed: 16345240312877744317

14058 lonewolfV2 the Blocker (level 12, -9/100 HPs)
             Began as a Formicid Fighter on Nov 15, 2023.
             Was an Elder of Qazlal.
             Mangled by a titanic slime creature (46 damage)
             ... on level 12 of the Dungeon.
             The game lasted 00:15:38 (12934 turns).

lonewolfV2 the Blocker (Formicid Fighter)          Turns: 12934, Time: 00:15:39

Health: -9/100     AC: 16    Str: 22    XL:     12   Next: 40%
Magic:  18/18      EV:  8    Int:  8    God:    Qazlal [****..]
Gold:   997        SH: 14    Dex: 23    Spells: 11/11 levels left

rFire   . . .        a - +4 war axe (elec)
rCold   . . .        c - +0 buckler
rNeg    . . .        y - +0 chain mail
rPois   .            (helmet unavailable)
rElec   .            D - +1 cloak
rCorr   .            G - +1 pair of gloves
SInv    +            (no boots)
Will    +....        m - amulet of the acrobat Stlth
                     l - ring of flight
HPRegen 0.36/turn    E - +6 ring of dexterity
MPRegen 0.16/turn

%: repel missiles, acrobat
@: flying
A: permanent stasis, dig shafts and tunnels, antennae 3, four strong arms
a: Dig, Shaft Self, Renounce Religion, Upheaval, Elemental Force


You were on level 12 of the Dungeon.
You worshipped Qazlal.
Qazlal was greatly pleased with you.
You visited 2 branches of the dungeon, and saw 13 of its levels.

You collected 1697 gold pieces.
You spent 700 gold pieces at shops.

Inventory:

Hand Weapons
 a - a +4 war axe of electrocution (weapon)
 B - a +1 battleaxe
Missiles
 z - 2 throwing nets
Armour
 c - a +0 buckler (worn)
 y - a +0 chain mail (worn)
 D - a +1 cloak (worn)
 G - a +1 pair of gloves (worn)
Jewellery
 b - a ring of positive energy
 l - a ring of flight (left hand)
 m - an amulet of the acrobat (around neck)
 E - a +6 ring of dexterity (right hand)
 F - a ring of magical power
Wands
 o - a wand of light (15)
 s - a wand of charming (19)
 t - a wand of flame (37)
 u - a wand of polymorph (16)
 A - a wand of digging (3)
Scrolls
 p - a scroll of fog
 q - a scroll of vulnerability
 v - a scroll of magic mapping
 I - a scroll of poison
Potions
 d - 3 potions of might
 e - 2 potions of heal wounds
 f - 3 potions of flight
 g - 7 potions of curing
 h - a potion of invisibility
 i - 3 potions of degeneration
 j - 2 potions of lignification
 k - 3 potions of attraction
 n - a potion of ambrosia {unknown}
 r - 4 potions of brilliance
 w - 2 potions of berserk rage
 x - a potion of magic {unknown}
 C - 2 potions of mutation


   Skills:
 - Level 11.0 Fighting
 - Level 10.6 Axes
 - Level 10.6 Armour
 - Level 11.6 Shields
 * Level 8.2 Invocations


You had 11 spell levels left.
You didn't know any spells.
Your spell library contained the following spells:

 Spells                   Type           Power      Damage    Failure   Level
 Sandblast                Erth           0%         2d4       93%         1
 Summon Small Mammal      Summ           0%         N/A       93%         1
 Passwall                 Tmut/Erth      0%         N/A       98%         2
 Poisonous Vapours        Pois/Air       0%         N/A       98%         2
 Call Canine Familiar     Summ           0%         N/A       100%        3
 Mephitic Cloud           Conj/Pois/Air  0%         N/A       100%        3
 Stone Arrow              Conj/Erth      0%         3d7       100%        3
 Summon Guardian Golem    Hex/Summ       0%         N/A       100%        3
 Leda's Liquefaction      Hex/Erth       0%         N/A       100%        4
 Freezing Cloud           Conj/Ice/Air   0%         6-21      100%        5
 Lee's Rapid Deconstruct  Erth           0%         3d4*      100%        5
 Statue Form              Tmut/Erth      0%         N/A       100%        6


Dungeon Overview and Level Annotations

Branches:
Dungeon (12/15)            Temple (1/1) D:5            Lair (0/5) D:8
    Orc (0/2) D:11

Altars:
Ashenzari
Cheibriados
Dithmenos
Elyvilon
Fedhas
Gozag
Hepliaklqana
Kikubaaqudgha
Makhleb
Nemelex Xobeh
Okawaru
Qazlal
Ru
Sif Muna
Trog
Uskayaw
Vehumet
Wu Jian
Xom
Yredelemnul
Zin
The Shining One

Shops:
D:3 *=   D:4 :   D:11 *

Annotations:
D:3 2 transporters
D:6 3 runed translucent doors, diecastcamel's ghost, novice DsBe
D:9 2 transporters, lonewolfV2's ghost, journeyman FoFi
D:10 1 runed translucent door, lonewolfV2's ghost, journeyman FoFi


Innate Abilities, Weirdness & Mutations

You cannot be hasted, slowed, berserked, paralysed or teleported.
You can dig through walls and to a lower floor.
You have a pair of large antennae on your head. (SInv)
Your four strong arms can wield two-handed weapons with a shield.


Message History

The titanic slime creature is heavily wounded.
A slime creature comes into view.
The titanic slime creature misses you.
You slash the titanic slime creature!
The titanic slime creature is heavily wounded.
You hit the slime creature.
Lightning courses through the slime creature!!
The slime creature is moderately wounded.
A titanic slime creature splits.
You slash the slime creature!
The slime creature is severely wounded.
Two slime creatures merge to form an enormous slime creature.
You hit the enormous slime creature.
Lightning courses through the enormous slime creature!
The enormous slime creature is heavily wounded.
The enormous slime creature hits you!!
You hit the enormous slime creature.
The enormous slime creature is heavily wounded.
The enormous slime creature hits you!!!
You feel much better.
The slime creature is engulfed in a thunderstorm.
You kill the slime creature!
Qazlal accepts your kill.
You block the enormous slime creature's attack.
You slash the enormous slime creature!
The enormous slime creature is severely wounded.
The enormous slime creature hits you!!
Two slime creatures merge to form a titanic slime creature.
You slash the titanic slime creature!
Lightning courses through the titanic slime creature!!
The titanic slime creature is severely wounded.
You slice the titanic slime creature!!
The titanic slime creature is severely wounded.
The titanic slime creature closely misses you.
You hit the titanic slime creature.
The titanic slime creature is severely wounded.
The titanic slime creature hits you!!!
* * * LOW HITPOINT WARNING * * *
You feel much better. The titanic slime creature hits you!!!
You die...

. .. ... ...
..###
#####......
#..@JT.....
#.#########
#.# #.# ##.##
#####...#####
#.....#.....#
#.###...###.#
# ##.## #.#


You could see a titanic slime creature and a troll.

Vanquished Creatures
  Harold (D:10)
  3 two-headed ogres
  A cyclops (D:11)
  A gargoyle (D:11)
  2 unseen horrors
  A kobold demonologist (D:11)
  A komodo dragon (D:11)
  3 trolls
  4 hornets
  A slime creature (D:12)
  A shadow (D:11)
  5 yaks (D:10)
  7 spriggans (D:8)
  A wyvern (D:10)
  A steam dragon (D:5)
  2 water moccasins
  2 ice beasts
  3 sky beasts
  15 orc warriors
  4 ogres
  5 centaurs
  2 phantoms (D:11)
  4 kobold brigands
  A scorpion (D:4)
  5 bullfrogs
  5 wights (D:9)
  7 killer bees
  2 howler monkeys
  3 gnoll boudas
  A jelly (D:8)
  11 orc priests
  4 hounds
  2 sleepcaps
  Jessica (D:3)
  4 iguanas
  Natasha (thrice) (D:2)
  21 orc wizards
  6 ogre zombies (D:11)
  12 gnolls
  4 adders
  A shadow imp (D:8)
  A white imp (D:8)
  An ufetubus (D:3)
  2 worms (D:2)
  2 dart slugs
  38 orcs
  8 endoplasms
  3 giant cockroaches
  15 goblins
  9 hobgoblins
  2 jackals (D:3)
  30 kobolds
  A quokka (D:1)
  7 ball pythons
  7 bats
  3 frilled lizards
  3 goblin zombies (D:11)
  A hobgoblin skeleton (D:11)
  2 hobgoblin zombies (D:11)
  3 orc skeletons (D:11)
  10 orc zombies (D:11)
  2 rats (D:2)
313 creatures vanquished.

Notes
Turn   | Place    | Note
-------+----------+-------------------------------------------
     0 | D:1      | lonewolfV2 the Formicid Fighter began the quest for the
                  | Orb.
     0 | D:1      | Reached XP level 1. HP: 18/18 MP: 1/1
   104 | D:1      | Reached XP level 2. HP: 24/24 MP: 2/2
   414 | D:1      | Reached XP level 3. HP: 29/30 MP: 3/3
   706 | D:1      | Identified a scroll of acquirement
   706 | D:1      | Acquired 989 gold pieces
   710 | D:2      | Found a faded altar of an unknown god.
   754 | D:2      | Found a glowing silver altar of Zin.
   882 | D:2      | Noticed Natasha
   893 | D:2      | Killed Natasha
   894 | D:2      | Reached XP level 4. HP: 9/38 MP: 4/4
  1585 | D:2      | Noticed Natasha
  1596 | D:2      | Killed Natasha
  1597 | D:2      | Reached XP level 5. HP: 29/43 MP: 5/5
  1697 | D:2      | Noticed Natasha
  1709 | D:2      | Killed Natasha
  1710 | D:2      | Reached skill level 5 in Fighting
  1710 | D:2      | Reached skill level 5 in Armour
  2149 | D:3      | Found a transporter.
  2171 | D:3      | Found a transporter.
  2290 | D:3      | Noticed Jessica
  2293 | D:3      | Killed Jessica
  2328 | D:3      | Found Sicit's General Store.
  2343 | D:3      | Bought a potion of experience for 700 gold pieces
  2343 | D:3      | Reached skill level 10 in Armour
  2343 | D:3      | Reached XP level 6. HP: 51/51 MP: 6/6
  2535 | D:3      | Found Doipeh's Jewellery Shop.
  2696 | D:4      | Reached XP level 7. HP: 53/56 MP: 7/7
  2809 | D:4      | Found Mifaf's Self-Improvement Boutique.
  3041 | D:4      | Identified the +1 leather armour of Narcissism {Int+3}
  3529 | D:5      | Entered Level 5 of the Dungeon
  3529 | D:5      | Found a staircase to the Ecumenical Temple.
  3538 | Temple   | Entered the Ecumenical Temple
  3834 | D:5      | Noticed a steam dragon
  3842 | D:5      | Killed a steam dragon
  4261 | D:5      | Reached XP level 8. HP: 62/64 MP: 8/8
  4641 | D:6      | Found a sacrificial altar of Ru.
  5037 | D:6      | Noticed diecastcamel's ghost (novice DsBe)
  5111 | D:6      | Reached skill level 5 in Axes
  5241 | D:6      | Found a runed translucent gate.
  5242 | D:6      | Found a runed translucent gate.
  5243 | D:6      | Found a runed translucent gate.
  5385 | D:6      | Found a stormy altar of Qazlal.
  5395 | D:6      | Reached XP level 9. HP: 65/71 MP: 9/9
  5399 | D:6      | Became a worshipper of Qazlal Stormbringer
  6294 | D:7      | Found a glowing golden altar of the Shining One.
  6733 | D:8      | Identified the staff of death "Ript" {rN+ Int+3}
  7520 | D:8      | Reached XP level 10. HP: 75/79 MP: 10/10
  7530 | D:8      | Reached * piety under Qazlal
  8682 | D:8      | Reached ** piety under Qazlal
  8736 | D:8      | Found a staircase to the Lair.
  9171 | D:9      | Reached XP level 11. HP: 71/89 MP: 7/11
  9676 | D:9      | Found a transporter.
  9678 | D:9      | Found the +10 zealot's sword {holy, Zealotry, *Rage rN+
                  | EV+3}
  9679 | D:9      | Noticed lonewolfV2's ghost (journeyman FoFi)
  9692 | D:9      | Found a transporter.
  9814 | D:10     | Entered Level 10 of the Dungeon
  9847 | D:10     | Found an ornate altar of the Wu Jian Council.
 10140 | D:10     | Reached skill level 10 in Fighting
 10340 | D:10     | Found a runed translucent door.
 10340 | D:10     | Noticed lonewolfV2's ghost (journeyman FoFi)
 10372 | D:10     | Reached *** piety under Qazlal
 10576 | D:10     | Reached skill level 10 in Axes
 10634 | D:10     | Found a snail-covered altar of Cheibriados.
 10675 | D:10     | Noticed Harold
 10692 | D:10     | Killed Harold
 10787 | D:10     | Noticed a two-headed ogre
 10792 | D:10     | Killed a two-headed ogre
 10983 | D:10     | Noticed a two-headed ogre
 10993 | D:10     | Killed a two-headed ogre
 11680 | D:11     | Noticed a cyclops
 11683 | D:11     | Reached skill level 1 in Invocations
 11694 | D:11     | Killed a cyclops
 11698 | D:11     | Found a staircase to the Orcish Mines.
 11708 | D:11     | Reached XP level 12. HP: 87/100 MP: 14/14
 11790 | D:11     | Reached **** piety under Qazlal
 11821 | D:11     | Reached skill level 5 in Invocations
 12081 | D:11     | Noticed a two-headed ogre
 12091 | D:11     | Killed a two-headed ogre
 12630 | D:11     | Found Ethran's Assorted Antiques.
 12934 | D:12     | Mangled by a titanic slime creature

Illustrated notes

Levels and vault maps discovered:
D:1:      dpeg_arrival_more_subterranean_lakeside_camping, layout_loops_ring
D:2:      layout_loops_corners, basic_altar, nicolae_ecumenical_pavilion,
          uniq_natasha
D:3:      gammafunk_steamed_eel, layout_basic, serial_shops,
          nicolae_shop_waterfront, nicolae_shop_trees, uniq_jessica
D:4:      layout_loops_corners, nicolae_shop_self_help
D:5:      layout_rooms, minmay_temple_entry_crystal_x
D:6:      layout_layer_cave, nicolae_ru_great_annihilating_truth,
          nicolae_qazlal_beasts_of_the_sky, biasface_ghost_orc_armoury,
          moated_statue, minmay_ogre_servants
D:7:      layout_basic, tso_oasis_becter
D:8:      kb_forest_paths, layout_loops_ring
D:9:      layout_basic, gammafunk_ghost_stat_death
D:10:     layout_layer_cave, nicolae_wu_jian_wuxing_cycle,
          mainiacjoe_overflow_brackets, hellmonk_ghost_happy_afterlife,
          enter_bailey_8, uniq_harold
D:11:     layout_cave_pools, zombieorc1_lemuel, special_room [special_room_orc],
          serial_shops, shop, billiards_dpeg
D:12:     layout_loops_ring
Temple:   minmay_temple_bridge_d

Skill      XL: |  1  2  3  4  5  6  7  8  9 10 11 12 |
---------------+-------------------------------------+-----
Armour         | 4 10 | 10.6
Fighting       | 4 5 6 7 9 11 | 11.0
Shields        | 11 | 11.6
Axes           | 3 5 7 9 10 | 10.6
Invocations    | 3 8 |  8.2

Action                     |  1- 3 |  4- 6 |  7- 9 | 10-12 || total
---------------------------+-------+-------+-------+-------++-------
  Melee: War axe           |    89 |    66 |   203 |   413 ||   771
 Invoke: Upheaval          |       |       |       |     2 ||     2
    Use: Scroll            |     5 |     6 |     8 |     9 ||    28
         Potion            |       |     1 |       |     4 ||     5
   Stab: Paralysed         |       |       |     1 |       ||     1
 Armour: Scale mail        |    59 |    25 |    11 |       ||    95
         Chain mail        |       |       |   117 |   137 ||   254
  Dodge: Dodged            |    59 |    45 |   149 |   166 ||   419
         Repelled          |       |       |       |     2 ||     2
  Block: Buckler           |    37 |    22 |    99 |   270 ||   428
